 Dungeon Crawl Stone Soup version 0.23.2-40-g277498a001 (webtiles) character file.

Game seed: 17024570608655751640

125 MalarOregon the Digger (level 5, -3/28 HPs)
             Began as a Gargoyle Earth Elementalist on Aug 31, 2019.
             Killed from afar by an orc wizard (6 damage)
             ... with a magic dart
             ... on level 3 of the Dungeon.
             The game lasted 00:03:27 (2115 turns).

MalarOregon the Digger (GrEE)                       Turns: 2115, Time: 00:03:28

Health: -3/28      AC: 10    Str: 11    XL:     5   Next: 9%
Magic:  0/9        EV:  8    Int: 17    God:
Gold:   125        SH:  0    Dex: 10    Spells: 4/10 levels left

rFire    . . .     SeeInvis .   m - +2 falchion (drain)
rCold    . . .     Gourm    .   (no shield)
rNeg     + . .     Faith    .   a - +0 scale mail
rPois    ∞         Spirit   .   (no helmet)
rElec    +         Reflect  .   (no cloak)
rCorr    .         Harm     .   (no gloves)
MR       .....                  (no boots)
Stlth    ..........             (no amulet)
HPRegen  0.09/turn              (no ring)
MPRegen  0.11/turn              (no ring)

@: very slightly contaminated
A: negative energy resistance 1, electricity resistance, unbreathing,
petrification resistance, rot immunity, AC +4
a: no special abilities


You were on level 3 of the Dungeon.
You were hungry.

You visited 1 branch of the dungeon, and saw 3 of its levels.

You collected 125 gold pieces.

Inventory:

Hand Weapons
 m - a +2 falchion of draining (weapon)
   (You took it off an orc on level 3 of the Dungeon)
Missiles
 b - 99 stones (quivered)
Armour
 a - a +0 scale mail (worn)
   (You found it on level 2 of the Dungeon)
Scrolls
 c - a scroll of enchant armour {unknown}
 d - a scroll of teleportation {@r4}
 h - 2 scrolls of remove curse {@r2}
 i - 2 scrolls of magic mapping {unknown}
 l - a scroll of identify {@r1}
Potions
 f - a potion of curing {@q1}
 j - a potion of ambrosia {unknown}
 k - a potion of might {unknown}
Comestibles
 e - 3 rations {!d}
 g - 2 chunks of flesh


   Skills:
 - Level 1.5 Dodging
 - Level 2.1 Stealth
 + Level 3.0 Spellcasting
 + Level 1.6 Conjurations
 - Level 0.7 Transmutations
 * Level 5.6 Earth Magic


You had 4 spell levels left.
You knew the following spells:

 Your Spells              Type           Power        Failure   Level  Hunger
a - Sandblast             Erth           ###...       11%         1    None
q - Passwall              Tmut/Erth      ##......     41%         2    ##.....
x - Stone Arrow           Conj/Erth      ##....       58%         3    ###....

Your spell library contained the following spells:

 Spells                   Type           Power        Failure   Level  Hunger
 Petrify                  Tmut/Erth      ##......     96%         4    ####...
 Lee's Rapid Deconstruct  Erth           ###.......   97%         5    ######.


Dungeon Overview and Level Annotations

Branches:
Dungeon (3/15)

Altars:


Innate Abilities, Weirdness & Mutations

You are resistant to torment.
Your stone body is resilient. (AC +4)
You are immune to poison.
You resist negative energy. (rN+)
You are resistant to electric shocks. (rElec)
You can survive without breathing.
You are immune to petrification.
You are immune to rotting.


Message History

b - 102 stones The orc wizard shouts!
The worker ant bites you.
An orc comes into view. It is wielding a +0 club.
The worker ant completely misses you.
Things that are here:
a +0 hunting sling; a +0 club; a goblin skeleton
Aim: a worker ant (almost dead)
The blast of sand hits the worker ant.
You kill the worker ant!
Your Spellcasting skill increases to level 3!
You have reached level 5!
b - 101 stones Your magical contamination has completely faded away.
Found 14 stones.
Aim: an orc, wielding a +2 falchion of draining The blast of sand misses the orc.
b - 100 stones
Aim: an orc, wielding a +2 falchion of draining The blast of sand hits the orc!
You kill the orc!
b - 99 stones You see here a +2 falchion of draining.
m - a +2 falchion of draining Wield which item (- for none, * to show all)? (? for menu, Esc to quit)
You sense an unholy aura.
m - a +2 falchion of draining (weapon)
The orc wizard points at you and mumbles some strange words.
The puff of frost hits you.
You closely miss the orc wizard.
The orc wizard hits you but does no damage.
The orc wizard gestures at you while chanting.
The puff of frost hits you!
* * * LOW HITPOINT WARNING * * *
You slash the orc wizard! You drain the orc wizard.
The orc wizard casts a spell at you. The puff of flame misses you.
Aim: an orc wizard, wielding a +0 dagger and wearing a +0 robe (severely wounded, heavily drained)
You miscast Sandblast.
You are very lightly contaminated with residual magic.
You feel a surge of energy from the ground.
The orc wizard points at you and mumbles some strange words.
The puff of frost hits you!
* * * LOW HITPOINT WARNING * * *
You miss the orc wizard. The orc wizard completely misses you.
You riposte.
You closely miss the orc wizard. You barely miss the orc wizard.
The orc wizard points at you and mumbles some strange words.
The magic dart hits you.
You die...

#.###..##### #......#
#.###..###o#############.
#..................(.....
###.##.###..####.######.#
#. #.# #..# #.# #.# # #.#
#..# #o# #.# #.###..# #o#
#.####
#......####@######....#
#####............#.##.#
#.#####.####.#.##.# #.#
##)## #.#.##.#
#.####...###.#.##.#
#..............##.#
#.####...###.####.# #.#
##.## #.# #.# #.# ##.#
#.# #.#


You could see an orc wizard and an orc.

Vanquished Creatures
  A worker ant (D:3)
  A hound skeleton (D:3)
  3 adders
  4 worms (D:2)
  A dart slug (D:1)
  An orc (D:3)
  6 bats
  A giant cockroach (D:2)
  8 goblins
  6 hobgoblins
  6 kobolds
  A quokka (D:2)
  4 frilled lizards
  A giant cockroach zombie (D:3)
  4 rats
48 creatures vanquished.

Notes
Turn   | Place    | Note
-------+----------+-------------------------------------------
     0 | D:1      | MalarOregon the Gargoyle Earth Elementalist began the quest
                  | for the Orb.
     0 | D:1      | Reached XP level 1. HP: 10/10 MP: 3/3
   333 | D:1      | Reached skill level 4 in Earth Magic
   419 | D:1      | Reached XP level 2. HP: 15/15 MP: 3/5
   897 | D:2      | Reached XP level 3. HP: 17/19 MP: 2/6
   903 | D:2      | Learned a level 2 spell: Passwall
   907 | D:2      | Learned a level 3 spell: Stone Arrow
  1372 | D:2      | Found a faded altar of an unknown god.
  1385 | D:2      | Reached skill level 5 in Earth Magic
  1436 | D:2      | Reached skill level 1 in Conjurations
  1436 | D:2      | Reached XP level 4. HP: 24/24 MP: 6/8
  2085 | D:3      | Reached XP level 5. HP: 19/28 MP: 0/9
  2115 | D:3      | Killed from afar by an orc wizard

Skill      XL: |  1  2  3  4 |
---------------+-------------+-----
Earth Magic    | 4 5 |  5.6
Conjurations   | 1 |  1.6
Spellcasting   | 3 |  3.0
Dodging        | |  1.5
Stealth        | |  2.1
Transmutations | |  0.7

Action                   |  1- 3 |  4- 6 || total
-------------------------+-------+-------++-------
Melee: Unarmed           |    12 |     3 ||    15
       Falchion          |       |     4 ||     4
 Cast: Sandblast         |    52 |    24 ||    76
       Stone Arrow       |       |     3 ||     3
  Use: Scroll            |     4 |       ||     4
       Potion            |     2 |       ||     2
  Eat: Chunk             |     2 |     2 ||     4
Armor: Robe              |     4 |       ||     4
       Scale mail        |     8 |    13 ||    21
Dodge: Dodged            |    17 |     7 ||    24
       Rpst.: Falchion   |       |     1 ||     1
